 Dungeon Crawl Stone Soup version 0.31-a0-435-g2c6fae2916 (webtiles) character file.

Game seed: 12843521801855443412

238 lunkers the Insei (level 6, -1/70 HPs)
             Began as a Meteoran Shapeshifter on Aug 1, 2023.
             Succumbed to a scorpion's poison
             ... on level 3 of the Dungeon.
             The game lasted 00:04:25 (1142 turns).

lunkers the Insei (Meteoran Shapeshifter)           Turns: 1142, Time: 00:04:26

Health: -1/70      AC: 23    Str: 17    XL:     6   Next: 54%
Magic:  7/7        EV:  2    Int:  9    God:
Gold:   43         SH:  0    Dex: 17    Spells: 5/5 levels left

rFire   . .          .
                       - Unarmed
rCold   . . .        (no shield)
rNeg    . . .        f - melded +0 scale mail
rPois   +            (helmet currently unavailable)
rElec   .            (cloak currently unavailable)
rCorr   .            (gloves currently unavailable)
SInv    .            (boots currently unavailable)
Will    .....        (no amulet)
Stlth   +            (no ring)
HPRegen 0.31/turn    (no ring)
MPRegen 0.10/turn

%: no passive effects
@: lethally poisoned (-1 -> -7), tree-form, glowing
A: stationary, stasis, torment immunity, boosted hp, sense surroundings 1,
otherworldly, glowing, explore regen
a: no special abilities


You were on level 3 of the Dungeon.
You were a tree.
You visited 1 branch of the dungeon, and saw 3 of its levels.

You collected 43 gold pieces.

Inventory:

Armour
 a - a +0 animal skin
 d - a +2 helmet
 f - a +0 scale mail (melded)
Jewellery
 l - an amulet of reflection
Talismans
 c - a beast talisman
Scrolls
 m - a scroll of enchant armour {unknown}
 n - a scroll of fear {unknown}
Potions
 b - a potion of lignification
 e - a potion of attraction {unknown}
 g - 2 potions of haste {unknown}
 h - a potion of mutation {unknown}
 i - 3 potions of magic
 j - a potion of heal wounds {unknown}
 k - 2 potions of berserk rage


   Skills:
 - Level 1.1 Fighting
 - Level 2.4 Dodging
 * Level 7.1 Unarmed Combat
 + Level 4.6 Shapeshifting


You had 5 spell levels left.
You didn't know any spells.
Your spell library contained the following spells:

 Spells                   Type           Power      Damage    Failure   Level
 Sting                    Tmut/Pois      0%         1d3       38%         1
 Lesser Beckoning         Tloc           0%         N/A       52%         2
 Poisonous Vapours        Pois/Air       0%         N/A       52%         2
 Gell's Gravitas          Tloc           0%         N/A       77%         3
 Teleport Other           Tloc           0%         N/A       77%         3
 Volatile Blastmotes      Fire/Tloc      0%         2d10      77%         3
 Fulminant Prism          Conj/Hex       0%         3d5       99%         4
 Iskenderun's Mystic Bla  Conj/Tloc      0%         2d3       99%         4
 Olgreb's Toxic Radiance  Pois           0%         N/A       99%         4


Dungeon Overview and Level Annotations

Branches:
Dungeon (3/15) Zot: 674

Altars:
Hepliaklqana
Qazlal


Innate Abilities, Weirdness & Mutations

You are a tree.
Your roots penetrate the ground, keeping you stationary.
You cannot be teleported.
You are immune to unholy pain and torment.
Your maximum health is greatly increased.
Your equipment is partially melded.
You passively map a small area around you.
You are easily found by Zot.
You glow in the dark.
You regain HP and MP as you explore.


Message History

Your Unarmed Combat skill increases to level 7!
You punch the orc!
You kill the orc!
You completely miss the ball python. The ball python closely misses you.
The ball python grabs you. The ball python constricts you.
You hit the ball python.
The ball python is severely wounded.
The ball python bites you.
* * * LOW HITPOINT WARNING * * *
The ball python constricts you.
You punch the ball python!
You kill the ball python!
You hit the scorpion but do no damage. The scorpion stings you.
* * * LOW HITPOINT WARNING * * *
You hit the scorpion but do no damage. The orc hits you but does no damage.
The scorpion barely misses you.
You punch the scorpion!
The scorpion is heavily wounded.
The orc hits you from afar with a +0 trident.
* * * LOW HITPOINT WARNING * * *
The scorpion stings you.
* * * LOW HITPOINT WARNING * * *
You completely miss the scorpion.
The scorpion is heavily wounded.
The scorpion stings you.
* * * LOW HITPOINT WARNING * * *
You are lethally poisoned!
The scorpion poisons you! The orc barely misses you.
Really quaff the potion of lignification?
Your transformation has ended.
You turn into a tree.
Your +0 scale mail melds into your body.
Your roots penetrate the ground.
* * * LOW HITPOINT WARNING * * *
You feel sick. The scorpion stings you.
* * * LOW HITPOINT WARNING * * *
The orc hits you but does no damage.
You barely miss the scorpion.
The scorpion is heavily wounded.
You die...

#........### ###...##
#######.## #......### #.#
##........## #.#
#...######... #.# *..###.
,###. ### #.# ##.##.., ,,
,## ... ####.## #..#..####
#
#.####...†.#######.##..#...
#
#...##.........♣soo#......
,,
##.#.##.....#######.#.....#
, , .........#.## #.oos#, ,
####.#####.# #....# ,, *#.#
#.# #....# , ,# ..# #+#
#.....#* * # ####
##........ , ## ,,, *
#..###...,###. ** ,
*#<..,######...


You could see a scorpion and 2 orcs.

Vanquished Creatures
  A bullfrog (D:3)
  An orc priest (D:3)
  Jessica (D:2)
  Robin (D:2)
  An adder (D:2)
  A gnoll (D:1)
  2 worms
  2 dart slugs (D:1)
  6 orcs (D:3)
  8 endoplasms
  4 giant cockroaches
  11 goblins (D:2)
  4 hobgoblins
  9 jackals
  A quokka (D:1)
  5 ball pythons
  2 bats
  2 frilled lizards
  2 kobolds (D:1)
  3 rats
67 creatures vanquished.

Notes
Turn   | Place    | Note
-------+----------+-------------------------------------------
     0 | D:1      | lunkers the Meteoran Shapeshifter began the quest for the
                  | Orb.
     0 | D:1      | Reached XP level 1. HP: 16/16 MP: 2/2
    56 | D:1      | Reached skill level 4 in Unarmed Combat
    56 | D:1      | Reached XP level 2. HP: 18/23 MP: 3/3
   212 | D:1      | Reached skill level 5 in Unarmed Combat
   212 | D:1      | Reached XP level 3. HP: 18/28 MP: 4/4
   297 | D:1      | Reached XP level 4. HP: 30/35 MP: 5/5
   382 | D:2      | Noticed Robin
   402 | D:2      | Noticed Jessica
   416 | D:2      | Killed Robin
   423 | D:2      | Killed Jessica
   424 | D:2      | Reached skill level 6 in Unarmed Combat
   424 | D:2      | Reached XP level 5. HP: 27/40 MP: 6/6
   591 | D:3      | Found a faded altar of an unknown god.
   953 | D:3      | Found a stormy altar of Qazlal.
   985 | D:3      | Found a hazy altar of Hepliaklqana.
  1112 | D:3      | Noticed a bullfrog
  1129 | D:3      | Killed a bullfrog
  1130 | D:3      | Reached XP level 6. HP: 18/47 MP: 7/7
  1133 | D:3      | Reached skill level 7 in Unarmed Combat
  1141 | D:3      | HP: 1/70 [scorpion (6)]
  1142 | D:3      | Succumbed to a scorpion's poison

Illustrated notes

Levels and vault maps discovered:
D:1:      dpeg_arrival_prison, layout_rooms
D:2:      layout_basic, amcnicky_mini_corridor_feature, uniq_sigmund,
          uniq_robin, uniq_jessica
D:3:      layout_loops_corners, mainiacjoe_overflow_alcove_4,
          mainiacjoe_overflow_small_starburst,
          dreamdust_ecumenical_altar_angels_and_demons,
          corexii_leaking_fountain, minmay_randomly_rotated_circles

Skill      XL: |  1  2  3  4  5  6 |
---------------+-------------------+-----
Unarmed Combat | 4 5 6 7 |  7.1
Shapeshifting  | 4 |  4.6
Fighting       | |  1.1
Dodging        | |  2.4

Action                     |  1- 3 |  4- 6 || total
---------------------------+-------+-------++-------
  Melee: Unarmed           |    51 |   101 ||   152
         Punch             |       |     5 ||     5
    Use: Scroll            |       |     4 ||     4
         Potion            |       |     1 ||     1
 Armour: Animal skin       |    13 |       ||    13
         Scale mail        |    13 |    42 ||    55
         Skin              |       |     1 ||     1
  Dodge: Dodged            |    30 |    36 ||    66

Table legend: (Time is in decaauts)
 A = Elapsed time spent in this place.
 B = Non-inter-level travel time spent in this place.
 C = Inter-level travel time spent in this place.
 D = Time resting spent in this place.
 E = Time spent auto-exploring this place.
 F = Levels seen in this place.
 G = Mean time per level.
                   A        B        C        D        E       F      G
               +--------+--------+--------+--------+--------+-----+--------+
         Total |   1125 |   1125 |      0 |      0 |    648 |   3 |  375.0 |
       Dungeon |   1125 |   1125 |      0 |      0 |    648 |   3 |  375.0 |
               +--------+--------+--------+--------+--------+-----+--------+

Top non-repeatable levels by time:
     D:3: 603 daAuts
     D:1: 324 daAuts
     D:2: 197 daAuts
